 Dungeon Crawl Stone Soup version 0.22-a0-231-g1b571ea (webtiles) character file.

100 Amnesiac the Charlatan (level 4, -6/23 HPs)
             Began as a Spriggan Artificer on Feb 20, 2018.
             Mangled by Nico3ck's ghost (17 damage)
             ... on level 5 of the Dungeon.
             The game lasted 00:04:34 (1276 turns).

Amnesiac the Charlatan (Spriggan Artificer)         Turns: 1276, Time: 00:04:35

Health: -6/23      AC:  2    Str:  9    XL:     4   Next: 46%
Magic:  9/9        EV: 19    Int: 12    God:
Gold:   121        SH:  0    Dex: 16    Spells: 3/3 levels left

rFire    . . .     SeeInvis +   a - +0 short sword
rCold    . . .     Gourm    .   (shield restricted)
rNeg     . . .     Faith    .   b - +0 robe
rPois    .         Spirit   .   (helmet restricted)
rElec    .         Reflect  .   (no cloak)
rCorr    .         Harm     .   (gloves unavailable)
MR       .....                  (boots unavailable)
Stlth    ++........             (no amulet)
HPRegen  0.07/turn              (no ring)
MPRegen  0.11/turn              (no ring)

@: very quick
A: very small, unfitting armour, see invisible, herbivore, speed 3, slow
metabolism 2
a: no special abilities


You were on level 5 of the Dungeon.
You were not hungry.

You visited 2 branches of the dungeon, and saw 6 of its levels.

You collected 121 gold pieces.

Inventory:

Hand Weapons
 a - a +0 short sword (weapon)
 o - a +0 morningstar
Missiles
 d - 12 poisoned needles
 l - 19 sling bullets
Armour
 b - a +0 robe (worn)
Wands
 c - a wand of flame (15)
 e - a wand of random effects (9)
 m - a wand of enslavement (15)
Scrolls
 g - 2 scrolls of teleportation {!r, unknown}
 h - 2 scrolls of enchant armour {!r, unknown}
 k - 2 scrolls of remove curse {!r}
 n - 2 scrolls of enchant weapon {!r, unknown}
Potions
 i - a potion of degeneration {!q, unknown}
 j - a potion of haste {!q, unknown}
 p - a potion of lignification {!q, unknown}
 q - a potion of might {!q, unknown}
Comestibles
 f - 4 rations


   Skills:
 + Level 1.8 Fighting
 - Level 1.1 Short Blades
 + Level 4.2 Dodging
 - Level 1.5 Stealth
 * Level 5.7 Evocations


You had 3 spell levels left.
You didn't know any spells.

Dungeon Overview and Level Annotations

Branches:
Dungeon (5/15)             Temple (1/1) D:4

Altars:
Ashenzari
Dithmenos
Hepliaklqana
Kikubaaqudgha
Makhleb
Nemelex Xobeh
Okawaru
Qazlal
Ru
Sif Muna
Trog
Uskayaw
Wu Jian
Xom
The Shining One

Shops:
D:5 =

Annotations:
D:5 Nico3ck's ghost, novice FoFi


Innate Abilities, Weirdness & Mutations

You are very small and have problems with some larger weapons.
You are too small for most types of armour.
You have supernaturally acute eyesight. (SInv)
You are a herbivore.
You cover ground extremely quickly.
You need consume almost no food.


Message History

The worker ant zombie bites you.
You hit the worker ant zombie.
The worker ant zombie is severely damaged.
The worker ant zombie closely misses you.
You hit the worker ant zombie.
The worker ant zombie is severely damaged.
The worker ant zombie completely misses you.
The worker ant zombie barely misses you.
You hit the worker ant zombie.
The worker ant zombie is severely damaged.
The worker ant zombie closely misses you.
You hit the worker ant zombie but do no damage.
The worker ant zombie is severely damaged.
The worker ant zombie bites you.
* * * LOW HITPOINT WARNING * * *
You hit the worker ant zombie.
The worker ant zombie is almost destroyed.
The worker ant zombie misses you.
You hit the worker ant zombie.
You destroy the worker ant zombie!
No target in view!
You start resting.
A scorpion comes into view.
A crimson imp comes into view.
The crimson imp shouts!
The crimson imp blinks!
You now have 121 gold pieces (gained 15).
There are no items here.
There is a dry fountain here.
The crimson imp blinks!
There is an entrance to Mosat's Jewellery Emporium here.
There is a fountain of clear blue water here.
The crimson imp barely misses you.
You hit the crimson imp.
The crimson imp is moderately wounded.
The crimson imp hits you but does no damage.
The crimson imp hits you.
You barely miss the crimson imp.
The crimson imp is moderately wounded.
The crimson imp blinks!
There is a fountain of clear blue water here.
The crimson imp picks up a beetle and eats it.
The crimson imp blinks!
A bullfrog zombie comes into view.
Found an escape hatch in the ceiling.
Found 12 poisoned needles.
A hound zombie comes into view.
Found a ring mail.
There is an escape hatch in the ceiling here.
Found a club.
A worker ant, a player ghost and a zombie come into view.
Nico3ck's ghost moves out of view.
Found a stone staircase leading up.
You see here 12 poisoned needles.
d - 12 poisoned needles Nico3ck's ghost turns its malevolent gaze towards you.
The hound zombie bites you.
* * * LOW HITPOINT WARNING * * *
The hound zombie misses you.
Found an escape hatch in the floor.
A bullfrog zombie comes into view.
Nico3ck's ghost hits you!
Ouch! That really hurt!
You die...

#....# . #....# ..
#....# ≈.≈ ..
....### ≈≈≈§ ..
..).Z .≈§§ #. #..#
.≈§§§
...#..##W.####P§§§§
......<@......Z.§#
..>#.#.##Z.......#
#......a.......#
####.##........#
... #....[...# ####
#........#
#Z#####'##
#.#####.#
######.....#.#


You could see Nico3ck's ghost, a hound zombie, a bullfrog zombie (wandering) and
a worker ant zombie.

Vanquished Creatures
  A hound (D:5)
  A worker ant zombie (D:5)
  4 adders
  3 orcs
  A giant cockroach (D:3)
  A goblin (D:2)
  A hobgoblin (D:3)
  3 jackals (D:5)
  A kobold (D:2)
  A quokka (D:3)
  2 bats
  2 rats (D:3)
21 creatures vanquished.

Vanquished Creatures (others)
  A plant (D:2)
1 creature vanquished.

Grand Total: 22 creatures vanquished

Notes
Turn   | Place    | Note
-------+----------+-------------------------------------------
     0 | D:1      | Amnesiac the Spriggan Artificer began the quest for the Orb.
     0 | D:1      | Reached XP level 1. HP: 9/9 MP: 4/4
    22 | D:1      | You fall through a shaft!
    83 | D:3      | Found a shadowy altar of Dithmenos.
    91 | D:4      | Noticed an ogre
    93 | D:4      | Noticed an orc wizard
    94 | D:4      | Noticed an orc wizard
   299 | D:3      | Reached skill level 1 in Fighting
   299 | D:3      | Reached XP level 2. HP: 14/14 MP: 6/6
   347 | D:3      | Reached skill level 5 in Evocations
   347 | D:3      | Reached XP level 3. HP: 9/18 MP: 7/7
   719 | D:4      | Found a staircase to the Ecumenical Temple.
   730 | Temple   | Entered the Ecumenical Temple
   941 | D:5      | Entered Level 5 of the Dungeon
   974 | D:5      | Reached XP level 4. HP: 12/23 MP: 7/9
  1137 | D:5      | Found Mosat's Jewellery Emporium.
  1269 | D:5      | Noticed Nico3ck's ghost (novice FoFi)
  1276 | D:5      | Mangled by Nico3ck's ghost

Vault maps used:
D:1:      enne_arrival_octagon_isle, minmay_nonomino_d4
D:2:      serial_bayou, serial_bayou_lake_a, serial_bayou_pond_d,
          serial_bayou_pond_a, serial_bayou_shore_b, minmay_misc_feat_doors,
          uniq_robin
D:3:      minmay_diamond_boxcup, overflow_temple_1_default,
          grunt_dithmenos_smoke, uniq_jessica, uniq_terence
D:4:      overflow_temple_1_default, minmay_temple_entry_overgrown, first_ration
D:5:      serial_undead, serial_undead_d, serial_undead_e, serial_undead_f,
          serial_undead_f, serial_undead_b, serial_shops,
          nicolae_shop_temple_entry_statues_fountains, grunt_ministairs_11
Temple:   eino_narrow_crystal_temple

Skill      XL: |  1  2  3 |
---------------+----------+-----
Fighting       | 1 |  1.8
Evocations     | 5 |  5.7
Dodging        | 4 |  4.2
Short Blades   | |  1.1
Stealth        | |  1.5

Action                   |  1- 3 |  4- 6 || total
-------------------------+-------+-------++-------
Melee: Short sword       |    68 |    34 ||   102
Evoke: Wand              |     6 |       ||     6
  Use: Scroll            |     1 |       ||     1
       Potion            |     2 |       ||     2
 Stab: Confused          |     2 |       ||     2
       Sleeping          |     2 |       ||     2
Armor: Robe              |     8 |     4 ||    12
Dodge: Dodged            |   127 |    42 ||   169

Table legend:
 A = Spawn XP
 B = Non-spawn XP
 C = Spawn XP percentage of total XP
 D = Spawn monster count
 E = Non-spawn monster count
 F = Spawn count percentage of total count
 G = Total turns spent on level
                    A         B        C        D         E        F      G
               +---------+---------+-------+---------+---------+-------+---------
         Total |       0 |     143 |   0.0 |       0 |      21 |   0.0 |  1276
               +---------+---------+-------+---------+---------+-------+---------
           D:2 |       0 |       5 |   0.0 |       0 |       3 |   0.0 |   140
           D:3 |       0 |      50 |   0.0 |       0 |       9 |   0.0 |   278
           D:4 |       0 |      19 |   0.0 |       0 |       3 |   0.0 |   325
           D:5 |       0 |      69 |   0.0 |       0 |       6 |   0.0 |   335
               +---------+---------+-------+---------+---------+-------+---------
